 Dungeon Crawl Stone Soup version 0.20.0-15-g7f486f2 (webtiles) character file.

1061 Chiseanne the Magician (level 8, 52/52 HPs)
             Began as a Demonspawn Wizard on June 15, 2017.
             Quit the game on level 4 of the Dungeon.
             The game lasted 00:10:37 (6032 turns).

Chiseanne the Magician (Demonspawn Wizard)          Turns: 6032, Time: 00:10:38

Health: 52/52      AC:  5    Str:  7    XL:     8   Next: 6%
Magic:  10/18      EV: 12    Int: 22    God:
Gold:   164        SH:  0    Dex: 12    Spells: 11/20 levels left

rFire    . . .     SeeInvis .   a - +1 dagger (venom)
rCold    . . .     Gourm    .   (no shield)
rNeg     . . .     Faith    .   t - +0 robe
rPois    .         Spirit   .   b - +0 hat
rElec    .         Reflect  .   (no cloak)
rCorr    .         Harm     .   (no gloves)
MR       .....                  (no boots)
Stlth    ++........             (no amulet)
Regen    0.2/turn               (no ring)
MPRegen  0.2/turn               (no ring)

@: no status effects
A: antennae 1, thin metallic scales 2
a: no special abilities


You were on level 4 of the Dungeon.
You were not hungry.

You visited 1 branch of the dungeon, and saw 4 of its levels.

You collected 164 gold pieces.

Inventory:

Hand Weapons
 a - a +1 dagger of venom (weapon)
Missiles
 g - 23 bolts
 m - 3 needles of sleeping
 o - 19 arrows
 s - 46 stones (quivered)
 u - a throwing net
 v - 33 sling bullets
Armour
 b - a +0 hat (worn)
 l - a +0 shield
 t - a +0 robe (worn)
Jewellery
 e - an uncursed ring of protection from cold {unknown}
Scrolls
 i - 4 scrolls of teleportation
Potions
 c - 4 potions of mutation {unknown}
 j - a potion of cancellation {unknown}
 n - a potion of berserk rage
 p - a potion of haste {unknown}
 q - a potion of lignification {unknown}
 r - a potion of brilliance {unknown}
 x - a potion of flight
Comestibles
 d - 2 bread rations
 f - 2 chunks of flesh
 h - a meat ration


   Skills:
 - Level 1.7 Dodging
 - Level 1.7 Stealth
 * Level 6.8 Spellcasting
 * Level 6.6 Conjurations
   Level 1.0 Summonings
 - Level 0.8 Translocations


You had 11 spell levels left.
You knew the following spells:

 Your Spells              Type           Power        Failure   Level  Hunger
a - Magic Dart            Conj           ####         1%          1    None
b - Blink                 Tloc           N/A          9%          2    None
c - Conjure Flame         Conj/Fire      ###.....     6%          3    None
d - Mephitic Cloud        Conj/Pois/Air  ###.....     10%         3    None


Dungeon Overview and Level Annotations

Branches:
Dungeon (4/15)
 Temple: D:4-7

Altars:


Innate Abilities, Weirdness & Mutations

You have a pair of small antennae on your head.
You are mostly covered in thin metallic scales. (AC +3)


Message History

Sigmund is lightly wounded.
Sigmund closely misses you.
You catch the helpless Sigmund completely off-guard!
You hit Sigmund.
Sigmund looks as sick as possible!
Sigmund is heavily wounded.
You strike the helpless Sigmund from behind!
You hit Sigmund.
Sigmund looks as sick as possible!
Sigmund is almost dead.
Casting: Mephitic Cloud
Confirm with . or Enter, or press ? or * to list all spells.
Aiming: Magic Dart
Press: ? - help, Shift-Dir - straight line, f/p - Sigmund
Aim: Sigmund, wielding a scythe and wearing a robe (almost dead, poisoned, confused)
The magic dart hits Sigmund.
Sigmund is almost dead.
You kill Sigmund!
You have reached level 8!
You feel agile.
Your demonic ancestry asserts itself...
A pair of antennae grows on your head!
Are you sure you want to abandon this character and quit the game? (Confirm with "yes".)

#......##############....
###.............#.##..... #+##
#......................
....####................#.....
..............................
..............................
........##........#'#)...w....
........##........#.......###.
..#...#......@....#...))p.###.
#...#.##...........p........
#........$...........K......
#...........)......<........
#....#.......##........#....
......#.##+#............#....
......#.# #####........#....
......#. #...######.... #...#
..


There were no monsters in sight!

Vanquished Creatures
  Pikel (D:4)
  Sigmund (D:4)
  Edmund (D:3)
  A slave (D:3)
  Natasha (thrice) (D:2)
  A centaur skeleton (D:4)
  An orc wizard (D:3)
  Robin (D:2)
  5 adders
  4 worms
  2 dart slugs
  4 leopard geckos
  11 orcs
  13 bats
  2 giant cockroaches (D:1)
  18 goblins
  12 hobgoblins
  9 jackals
  2 quokkas
  3 frilled lizards
  8 kobolds
  8 rats
111 creatures vanquished.

Vanquished Creatures (others)
  Ijyb (D:4)
  A worm (D:4)
2 creatures vanquished.

Grand Total: 113 creatures vanquished

Notes
Turn   | Place    | Note
-------+----------+-------------------------------------------
     0 | D:1      | Chiseanne the Demonspawn Wizard began the quest for the Orb.
     0 | D:1      | Reached XP level 1. HP: 13/13 MP: 4/4
   329 | D:1      | Gained mutation: You are partially covered in thin metallic scales. (AC +2) [demonic ancestry]
   329 | D:1      | Reached XP level 2. HP: 19/19 MP: 1/6
  1271 | D:1      | Learned a level 2 spell: Blink
  1486 | D:2      | Gained mutation: You are mostly covered in thin metallic scales. (AC +3) [demonic ancestry]
  1486 | D:2      | Reached XP level 3. HP: 24/24 MP: 6/8
  1993 | D:2      | Noticed Robin
  2079 | D:1      | Learned a level 3 spell: Conjure Flame
  2083 | D:1      | Learned a level 3 spell: Mephitic Cloud
  2094 | D:2      | Noticed Natasha
  2865 | D:2      | Killed Natasha
  2865 | D:2      | Reached XP level 4. HP: 4/30 MP: 2/10
  2867 | D:2      | Killed Robin
  3188 | D:2      | Noticed Natasha
  3194 | D:2      | Killed Natasha
  3431 | D:2      | Reached XP level 5. HP: 35/35 MP: 8/11
  3630 | D:2      | Noticed Natasha
  3634 | D:2      | Killed Natasha
  4860 | D:3      | Reached XP level 6. HP: 41/41 MP: 4/13
  5127 | D:4      | Noticed Sigmund
  5140 | D:4      | Noticed a slave
  5143 | D:4      | Noticed a slave
  5144 | D:4      | Noticed Pikel
  5144 | D:4      | Noticed a slave
  5153 | D:4      | Noticed Edmund
  5198 | D:3      | Killed Edmund
  5198 | D:3      | Reached skill level 5 in Spellcasting
  5526 | D:3      | Killed a slave
  5814 | D:4      | Noticed a slave
  5814 | D:4      | Killed Pikel
  5814 | D:4      | Reached XP level 7. HP: 33/46 MP: 2/16
  5951 | D:4      | Killed Ijyb
  6031 | D:4      | Killed Sigmund
  6031 | D:4      | Gained mutation: You have a pair of small antennae on your head. [demonic ancestry]
  6031 | D:4      | Reached XP level 8. HP: 52/52 MP: 10/18
  6032 | D:4      | Quit the game

Skill      XL: |  1  2  3  4  5  6 |
---------------+-------------------+-----
Conjurations   | 2 3 4 6 |  6.6
Spellcasting   | 4 6 |  6.8
Dodging        | |  1.7
Stealth        | |  1.7
Summonings     | |  1.0
Translocations | |  0.8

Action                   |  1- 3 |  4- 6 |  7- 9 || total
-------------------------+-------+-------+-------++-------
Melee: Dagger            |    86 |    71 |     4 ||   161
 Cast: Magic Dart        |   130 |   148 |    12 ||   290
       Mephitic Cloud    |     2 |     9 |     2 ||    13
       Blink             |       |     5 |       ||     5
  Use: Scroll            |     4 |     6 |       ||    10
       Potion            |     4 |       |       ||     4
 Stab: Sleeping          |       |     1 |       ||     1
       Confused          |       |     1 |     2 ||     3
  Eat: Chunk             |     4 |     8 |       ||    12
       Royal jelly       |     1 |     1 |       ||     2
Armor: Robe              |    41 |    31 |     3 ||    75
Dodge: Dodged            |    80 |    52 |     4 ||   136
